 Dungeon Crawl Stone Soup version 0.31.0-9-g3a7656b989 (webtiles) character file.

Game seed: 7230824915562163949

34 qw the Shooter (level 3, 0/18 HPs)
             Began as a Spriggan Hunter on Feb 2, 2024.
             Succumbed to their own poison gas
             ... on level 2 of the Dungeon.
             The game lasted 00:00:02 (1219 turns).

qw the Shooter (Spriggan Hunter)                    Turns: 1219, Time: 00:00:03

Health: 0/18       AC:  2    Str:  7    XL:     3   Next: 14%
Magic:  4/4        EV: 19    Int: 10    God:
Gold:   35         SH:  0    Dex: 20    Spells: 2/2 levels left

rFire   . . .        a - +1 shortbow
rCold   . . .        (shield currently unavailable)
rNeg    . . .        c - +0 robe
rPois   .            (helmet restricted)
rElec   .            (no cloak)
rCorr   .            (gloves unavailable)
SInv    +            (boots unavailable)
Will    .....        (no amulet)
Stlth   ++           (no ring)
HPRegen 0.23/turn    (no ring)
MPRegen 0.09/turn

%: no passive effects
@: lethally poisoned (0 -> -4), very quick
A: very small, no large weapons, unfitting armour, see invisible, speed 3
a: no special abilities


You were on level 2 of the Dungeon.
You visited 1 branch of the dungeon, and saw 2 of its levels.

You collected 110 gold pieces.
You spent 75 gold pieces at shops.


Innate Abilities, Weirdness & Mutations

You are very small and have problems with some larger weapons.
You are too small for most types of armour.
You have supernaturally acute eyesight. (SInv)
You cover ground extremely quickly. (Speed+++)


   Skills:
 - Level 1.5 Fighting
 + Level 4.5 Ranged Weapons
 - Level 4.0 Dodging
 - Level 1.5 Stealth


You had 2 spell levels left.
You didn't know any spells.
Your spell library was empty.

Inventory:

Hand Weapons
 a - a +1 shortbow (weapon)
Armour
 c - a +0 robe (worn)
Scrolls
 d - 2 scrolls of teleportation
 f - a scroll of enchant armour
Potions
 g - a potion of magic {unknown}
 h - a potion of cancellation {unknown}
 j - a potion of attraction {unknown}

Dungeon Overview and Level Annotations

Branches:
Dungeon (2/15)

Altars:
Xom

Shops:
D:2 *


Message History

j - a bubbling cyan potion You see here a +0 ring mail.
Done exploring.
Done exploring.
1210 ||| READING scroll labelled ALIZXU KYXOEL.
As you read the scroll labelled ALIZXU KYXOEL, it crumbles to dust.
The air around you briefly surges with heat, but it dissipates.
It was a scroll of immolation.
Done exploring.
1211 ||| READING scroll labelled YJAIGOMONK.
As you read the scroll labelled YJAIGOMONK, it crumbles to dust.
It is a scroll of amnesia.
You feel forgetful for a moment.
Done exploring.
1212 ||| READING scroll labelled BIUFIADUIT.
The air fills with toxic fumes!
As you read the scroll labelled BIUFIADUIT, it crumbles to dust.
It was a scroll of poison.
Done exploring.
What level of the Dungeon? (default 2, ? - help) Sorry, I don't know how to get there.
Enter note:
Enter note:
Enter note:
Enter note:
Enter note:
Enter note: You are engulfed in poison gas.
You are poisoned.
You feel very sick.
1214 ||| Stepping ~*~*~tactically~*~*~ (cloud).
You feel sick.
There is a lethal amount of poison in your body!
You feel very sick.
There is a lethal amount of poison in your body!
You feel sick.
There is a lethal amount of poison in your body!
You feel sick.
There is a lethal amount of poison in your body!
You feel sick.
There is a lethal amount of poison in your body!
You die...

#.######...#
#.#######.>.
#.0.........
########¤###.......
##¤¤¤##¤¤¤¤.......#.
##¤¤¤0¤¤0¤¤0.#.......
#¤¤¤¤¤¤0¤00¤.##......
#¤¤¤0¤0¤00¤¤..#....#.
#¤¤¤@¤0¤¤¤¤0..#......
##0¤¤¤00¤¤¤0#.#..#...
##¤¤¤##¤¤¤##.##.#...
#######¤###..#.....
#.# ##...[.## #.#
###...## ##.# #.....#
#..# ###.....#
#.####.......#


There were no monsters in sight!

Vanquished Creatures
  An adder (D:2)
  A dart slug (D:2)
  3 endoplasms
  A giant cockroach (D:2)
  3 hobgoblins
  4 jackals (D:1)
  A quokka (D:1)
  2 bats (D:1)
  2 frilled lizards (D:2)
  A goblin (D:2)
  A kobold (D:2)
  2 rats (D:1)
22 creatures vanquished.

Notes
Turn   | Place    | Note
-------+----------+-------------------------------------------
     0 | D:1      | qw the Spriggan Hunter began the quest for the Orb.
     0 | D:1      | Reached XP level 1. HP: 10/10 MP: 2/2
     0 | D:1      | 0 ||| qw: Version: 0.3-a-155-g5e7d8dd
     0 | D:1      | 0 ||| qw: Game counter: 850
     0 | D:1      | 0 ||| qw: Melee chars always use a shield: true
     0 | D:1      | 0 ||| qw: God list: Okawaru
     0 | D:1      | 0 ||| qw: Allow faded altars: false
     0 | D:1      | 0 ||| qw: Do Orc after clearing Dungeon:15 true
     0 | D:1      | 0 ||| qw: Do second Lair branch before Depths: true
     0 | D:1      | 0 ||| qw: Lair rune preference: random
     0 | D:1      | 0 ||| qw: Goals: Normal
     0 | D:1      | 0 ||| PLANNING D:1-11
    43 | D:1      | Reached skill level 3 in Dodging
   134 | D:1      | Reached XP level 2. HP: 14/14 MP: 3/3
   269 | D:1      | Found a faded altar of an unknown god.
   832 | D:1      | 832 ||| READING 2 scrolls labelled POAGEKELODD.
   836 | D:1      | 836 ||| READING scroll labelled UHUITY BOQIRPH.
   836 | D:1      | 836 ||| IDENTIFYING scroll labelled RIPPIU XAREHU
   837 | D:1      | 837 ||| DROPPING scroll of butterflies.
   902 | D:2      | Reached XP level 3. HP: 18/18 MP: 4/4
   988 | D:2      | Found Geclasups's General Store.
   997 | D:2      | 997 ||| BUYING scroll of enchant weapon (75 gold).
   997 | D:2      | Bought a scroll of enchant weapon for 75 gold pieces
   997 | D:2      | 997 ||| READING scroll of enchant weapon.
   997 | D:2      | 997 ||| ENCHANTING +0 shortbow.
  1187 | D:2      | Found a shimmering altar of Xom.
  1210 | D:2      | 1210 ||| READING scroll labelled ALIZXU KYXOEL.
  1211 | D:2      | 1211 ||| READING scroll labelled YJAIGOMONK.
  1212 | D:2      | 1212 ||| READING scroll labelled BIUFIADUIT.
  1214 | D:2      | 1214 ||| Stepping ~*~*~tactically~*~*~ (cloud).
  1217 | D:2      | HP: 3/18 [poisoned by you (poison gas)]
  1218 | D:2      | HP: 1/18 [poisoned by you (poison gas)]
  1219 | D:2      | Succumbed to their own poison gas

Levels and vault maps discovered:
D:1:      minmay_arrival_open_corners, layout_basic,
          shapermc_ecumenical_altar_starsandcircs, columned_hall_lemuel
D:2:      layout_rooms, serial_shops, shop, basic_altar

Skill      XL: |  1  2 |
---------------+-------+-----
Dodging        | 3 4 |  4.0
Fighting       | |  1.5
Ranged Weapons | |  4.5
Stealth        | |  1.5

Action                     || total
---------------------------++-------
   Fire: Shortbow          ||    47
    Use: Scroll            ||     6
 Armour: Robe              ||     3
  Dodge: Dodged            ||     4

Table legend:
 A = Non-vault XP
 B = Vault XP
 C = Vault XP percentage of total XP
 D = Non-vault monster count
 E = Vault monster count
 F = Vault count percentage of total count
                 A         B        C        D         E       F
            +---------+---------+-------+---------+---------+-------
      Total |      49 |       0 |   0.0 |      22 |       0 |   0.0
            +---------+---------+-------+---------+---------+-------
        D:1 |      22 |       0 |   0.0 |      13 |       0 |   0.0
        D:2 |      27 |       0 |   0.0 |       9 |       0 |   0.0
            +---------+---------+-------+---------+---------+-------
